 Dungeon Crawl Stone Soup version 0.17.1-1-g73c8601 (webtiles) character file.

17074 JEM123 the Sharpshooter (level 12, -6/94 HPs)
             Began as a Centaur Hunter on Dec 24, 2015.
             Was a High Priest of Okawaru.
             Killed from afar by a frost giant (23 damage)
             ... with a bolt of cold
             ... in an ice cave on Dec 28, 2015.
             The game lasted 01:55:23 (14503 turns).

JEM123 the Sharpshooter (Centaur Hunter)           Turns: 14503, Time: 01:55:23

Health: -6/94      AC: 13    Str: 21    XL:     12   Next: 15%
Magic:  12/12      EV:  4    Int: 10    God:    Okawaru [*****.]
Gold:   385        SH:  0    Dex: 13    Spells: 0 memorised, 11 levels left

rFire  . . .     SeeInvis .     c - +4 arbalest (flame)
rCold  + . .     Clarity  .     t - +0 chain mail
rNeg   . . .     SustAt   .     (shield currently unavailable)
rPois  .         Gourm    .     u - +0 helmet
rElec  .         Spirit   .     (no cloak)
rCorr  .         Warding  .     F - +1 pair of gloves
rMut   .         Stasis   .     P - -1 centaur barding of the Blizzard {Regen+}
MR     .....                    G - amulet of regeneration
Stlth  ..........               v - +4 ring of strength
                                h - ring of protection from cold

@: very quick, not resistant to hostile enchantments, extremely unstealthy
A: hooves 3, deformed body, speed 2, tough skin 3
a: Heroism, Finesse, Renounce Religion


You were in an ice cave.
You worshipped Okawaru.
Okawaru was extremely pleased with you.
You were not hungry.

You visited 3 branches of the dungeon, and saw 12 of its levels.
You also visited: Ice Cave.

You collected 515 gold pieces.
You spent 130 gold pieces at shops.

Inventory:

Hand Weapons
 c - a +4 arbalest of flaming (weapon)
 s - a +0 hunting sling
 w - a +0 whip
Missiles
 b - 26 tomahawks
 d - 66 bolts
 j - 285 stones
 x - 5 bolts of flame
 z - 20 bolts of penetration (quivered)
 E - 14 steel sling bullets
 N - 13 bolts of frost
Armour
 t - a +0 chain mail (worn)
 u - a +0 helmet (worn)
 B - a +1 robe of magic resistance
 C - the +0 buckler of the Heavens {+Blink rPois Int+4 Slay+3}
   (You found it on level 4 of the Dungeon)

   It affects your intelligence (+4).
   It affects your accuracy and damage with ranged weapons and melee attacks
   (+3).
   It protects you from poison.
   It lets you blink.
 F - a +1 pair of gloves (worn)
 P - the -1 centaur barding of the Blizzard (worn) {Regen+}
   (Okawaru gifted it to you on level 10 of the Dungeon)

   It increases your rate of regeneration.
Jewellery
 h - a ring of protection from cold (left hand)
 v - a +4 ring of strength (right hand)
 G - an amulet of regeneration (around neck)
Wands
 q - a wand of confusion (22)
 D - a wand of digging (4)
 M - a wand of flame (34)
Scrolls
 f - 3 scrolls of recharging
 i - 2 scrolls of fear
 l - 3 scrolls of blinking
 m - a scroll of identify
 o - 3 scrolls of fog
 p - 3 scrolls of remove curse
Potions
 a - 2 potions of might
 r - a potion of agility
 A - 2 potions of curing
 J - a potion of lignification
 L - a potion of brilliance
Books
 k - an Akashic Record

   Spells                             Type                      Level
   a - Dispersal                      Translocation                6
   b - Malign Gateway                 Summoning/Translocation      7
   c - Disjunction                    Translocation                8
   d - Controlled Blink               Translocation                8
Comestibles
 e - 6 bread rations
 g - 5 beef jerkies
 n - a chunk of flesh
 H - a royal jelly
 I - 2 meat rations


   Skills:
 - Level 5.0 Fighting
 * Level 16.8 Crossbows
 + Level 1.3 Armour
 - Level 1.3 Dodging
 - Level 0.5 Stealth
 - Level 11.0 Unarmed Combat


You had 11 spell levels left.
You didn't know any spells.

Dungeon Overview and Level Annotations

Branches:
Dungeon (10/15)            Temple (1/1) D:4            Lair (1/8) D:8
    Orc (0/4) D:10

Altars:
Ashenzari
Cheibriados
Dithmenos
Elyvilon
Fedhas
Gozag
Kikubaaqudgha
Makhleb
Nemelex Xobeh
Okawaru
Qazlal
Ru
Sif Muna
Trog
Vehumet
Xom
Yredelemnul
Zin
The Shining One

Shops:
D:4 (   D:7 }

Annotations:
D:3 leMango's ghost, amateur OpBe IceCv bigmoist's ghost, adept MiBe


Innate Abilities, Weirdness & Mutations

You have hooves in place of feet.
Armour fits poorly on your strangely shaped body.
You cover ground very quickly.
You have extremely tough skin (AC +3).


Message History

Okay, then.
Unknown command.
Drink which item? (? for menu, Esc to quit)
Okay, then.
Evoke which item? (* to show all) (? for menu, Esc to quit)
Zapping:
D - a wand of digging {zapped: 5} (will waste charges)
Press: ? - help, Shift-Dir - straight line The rock shatters into small pieces.
Evoking this partially-identified wand wasted a few charges.
The death yak gores you!!
* * * LOW HITPOINT WARNING * * *
The polar bear bites you but does no damage.
The polar bear claws you.
* * * LOW HITPOINT WARNING * * *
The polar bear claws you but does no damage.
Found an encrusted iron wand.
Found a brass wand.
The frost giant casts a spell at you. The bolt of cold hits you! You resist.
You die...

#Y## ## ####.h.# #/#
# #.#hC..#$}
#/#.##≈≈ ##Y#......#
#.#.#≈≈###.#(C#.#
#..# ≈≈#(##.#.#
##..###≈##(##Y##
#....##≈###.h..##
##....@##≈#..#...#
#...#...#≈#...##.##
##..###Y.h≈..⌠###.(#
#..## ##.#.##..###.#
#†## #..#≈#####..#
#.## #.C##≈≈##..##
##.# ##..#≈≈#...#
##.# ##.# ##...#
#†.# #..# ##C.##


You could see a frost giant, a death yak and a polar bear.

Vanquished Creatures
  A death yak (IceCv)
  2 hill giants (D:10)
  An ice statue (IceCv)
  A komodo dragon (D:10)
  The ghost of smackjaw the Skirmisher, an amateur DrBe of Trog (D:4)
  15 polar bears (IceCv)
  A two-headed ogre (D:9)
  3 trolls
  Sigmund (D:3)
  A deep elf mage (D:9)
  A hippogriff (D:8)
  A hungry ghost (D:8)
  17 yaks
  A steam dragon (D:10)
  Menkaure (D:6)
  7 orc warriors
  18 wolves (IceCv)
  5 phantoms
  An ice beast (D:10)
  A black bear (D:6)
  A sky beast (D:8)
  2 centaurs
  2 eyes of draining (D:10)
  5 ogres
  2 crocodiles
  A big kobold (D:10)
  6 giant frogs
  Blork the orc (D:4)
  A gnoll sergeant (D:5)
  3 wyvern zombies
  A scorpion (D:9)
  3 wights (D:8)
  6 killer bees (D:7)
  2 giant frog zombies
  7 crimson imps
  3 centaur zombies
  11 orc wizards
  A hound (D:9)
  2 jellies
  3 orc priests
  7 worker ants
  Jessica (D:3)
  3 centaur skeletons
  A giant frog skeleton (D:6)
  An iguana (D:4)
  A killer bee zombie (D:9)
  3 hound zombies (D:6)
  2 worker ant zombies (D:6)
  12 adders
  13 gnolls
  3 shadow imps
  An ooze (D:2)
  2 adder zombies (D:6)
  6 worms
  5 giant geckos
  42 orcs
  8 bats
  6 giant cockroaches
  9 hobgoblins
  10 jackals
  22 kobolds
  A quokka (D:7)
  A ball python (D:7)
  A giant cockroach zombie (D:6)
  3 giant gecko skeletons
  A giant gecko zombie (D:6)
  5 giant newts
  13 goblins
  2 quokka skeletons
  A quokka zombie (D:6)
  11 rats
  A plant (D:6)
341 creatures vanquished.

Vanquished Creatures (others)
  A kobold (D:1)
  A rat (D:1)
2 creatures vanquished.

Grand Total: 343 creatures vanquished

Notes
Turn   | Place    | Note
--------------------------------------------------------------
     0 | D:1      | JEM123 the Centaur Hunter began the quest for the Orb.
     0 | D:1      | Reached XP level 1. HP: 17/17 MP: 1/1
    49 | D:1      | Reached XP level 2. HP: 12/24 MP: 2/2
   238 | D:1      | Reached skill level 5 in Crossbows
   537 | D:1      | Reached XP level 3. HP: 27/29 MP: 3/3
  1443 | D:2      | Found a sparkling altar of Nemelex Xobeh.
  1502 | D:2      | Reached skill level 6 in Crossbows
  1922 | D:2      | Reached XP level 4. HP: 24/36 MP: 4/4
  2676 | D:3      | Noticed leMango's ghost (amateur OpBe)
  2692 | D:3      | Noticed Sigmund
  3803 | D:3      | Killed Sigmund
  3803 | D:3      | Reached skill level 8 in Crossbows
  3803 | D:3      | Reached XP level 5. HP: 39/41 MP: 5/5
  3803 | D:3      | Reached XP level 6. HP: 45/48 MP: 6/6
  4175 | D:3      | Found an iron altar of Okawaru.
  4186 | D:3      | Found a sacrificial altar of Ru.
  4192 | D:3      | Became a worshipper of Warmaster Okawaru
  4276 | D:3      | Noticed Jessica
  4280 | D:3      | Killed Jessica
  5187 | D:4      | Found a staircase to the Ecumenical Temple.
  5221 | D:4      | Noticed smackjaw's ghost (amateur DrBe)
  5228 | Temple   | Entered the Ecumenical Temple
  5366 | D:5      | Entered Level 5 of the Dungeon
  6500 | D:4      | Reached skill level 9 in Crossbows
  6500 | D:4      | Reached XP level 7. HP: 39/57 MP: 7/7
  6629 | D:4      | Found Nedatael's Antique Weapon Shop.
  6641 | D:4      | Got a shimmering buckler
  6657 | D:4      | Identified the cursed +0 buckler of the Heavens {+Blink rPois Int+4 Slay+3} (You found it on level 4 of the Dungeon)
  6672 | D:4      | Noticed Blork the orc
  6689 | D:4      | Killed Blork the orc
  6848 | D:4      | Killed smackjaw's ghost
  6848 | D:4      | Reached * piety under Okawaru
  7427 | D:4      | Bought a runed arbalest for 130 gold pieces
  7607 | D:5      | Reached skill level 5 in Fighting
  7607 | D:5      | Reached XP level 8. HP: 65/68 MP: 8/8
  7661 | D:5      | Reached skill level 10 in Crossbows
  7681 | D:5      | Reached skill level 1 in Unarmed Combat
  7858 | D:5      | Reached ** piety under Okawaru
  8244 | D:5      | Found a glowing golden altar of the Shining One.
  8365 | D:6      | Found a shadowy altar of Dithmenos.
  8630 | D:6      | Noticed Menkaure
  8756 | D:6      | Reached skill level 5 in Unarmed Combat
  8763 | D:6      | Found a burning altar of Makhleb.
  8763 | D:6      | Noticed an Executioner
  8935 | D:6      | Killed Menkaure
  8935 | D:6      | Reached XP level 9. HP: 74/74 MP: 9/9
  9533 | D:8      | Reached *** piety under Okawaru
  9533 | D:8      | Reached skill level 11 in Crossbows
  9649 | D:7      | Found Vuigun's Gadget Shoppe.
  9816 | D:7      | HP: 3/74 [killer bee (5)]
 10092 | D:7      | Found a deep blue altar of Sif Muna.
 10772 | D:8      | Received a gift from Okawaru
 10923 | D:8      | Found a staircase to the Lair.
 11003 | D:8      | Reached skill level 12 in Crossbows
 11621 | D:8      | Reached XP level 10. HP: 54/81 MP: 10/10
 11647 | D:9      | Reached **** piety under Okawaru
 12325 | D:10     | Entered Level 10 of the Dungeon
 12359 | D:9      | Received a gift from Okawaru
 12359 | D:9      | Reached skill level 13 in Crossbows
 12395 | D:9      | Received a gift from Okawaru
 12666 | D:10     | Noticed a hill giant
 12668 | D:10     | Killed a hill giant
 12674 | D:10     | Reached skill level 14 in Crossbows
 12746 | D:10     | Reached ***** piety under Okawaru
 12802 | D:10     | Received a gift from Okawaru
 12829 | D:10     | Noticed a hill giant
 12833 | D:10     | Killed a hill giant
 12833 | D:10     | Reached XP level 11. HP: 86/86 MP: 3/11
 12842 | D:10     | Received a gift from Okawaru
 13209 | D:10     | Received a gift from Okawaru
 13210 | D:10     | Got a heavily runed centaur barding {god gift}
 13216 | D:10     | Identified the -1 centaur barding of the Blizzard {Regen+} (Okawaru gifted it to you on level 10 of the Dungeon)
 13294 | D:10     | Found a staircase to the Orcish Mines.
 13456 | Lair:1   | Entered Level 1 of the Lair of Beasts
 13466 | Lair:1   | Got a shadowed robe
 13477 | Lair:1   | Identified the cursed +0 robe "Ytuog" {*Corrode +Inv MR+++} (You found it on level 1 of the Lair of Beasts)
 13498 | Lair:1   | Found a frozen archway.
 13508 | IceCv    | Entered an ice cave
 13595 | IceCv    | Reached skill level 15 in Crossbows
 13595 | IceCv    | Reached skill level 10 in Unarmed Combat
 13883 | IceCv    | Noticed bigmoist's ghost (adept MiBe)
 14160 | IceCv    | Reached skill level 16 in Crossbows
 14330 | IceCv    | Noticed a death yak
 14341 | IceCv    | Killed a death yak
 14341 | IceCv    | Received a gift from Okawaru
 14341 | IceCv    | Reached XP level 12. HP: 89/94 MP: 12/12
 14366 | IceCv    | Reached skill level 1 in Armour
 14367 | IceCv    | Received a gift from Okawaru
 14448 | IceCv    | Noticed a frost giant
 14448 | IceCv    | Noticed a death yak
 14503 | IceCv    | Killed from afar by a frost giant

Action                   |  1- 3 |  4- 6 |  7- 9 | 10-12 || total
-------------------------+-------+-------+-------+-------++-------
Melee: Short sword       |   100 |       |       |       ||   100
       Lajatang          |    37 |   174 |     1 |       ||   212
       Whip              |       |       |    27 |       ||    27
       Unarmed           |       |       |   177 |    29 ||   206
 Fire: Hand crossbow     |     3 |    28 |    24 |       ||    55
       Hunting sling     |       |   116 |    39 |       ||   155
       Arbalest          |       |       |   168 |   334 ||   502
Throw: Stone             |    20 |     5 |     1 |       ||    26
Invok: Heroism           |       |       |       |     2 ||     2
Evoke: Wand              |       |       |       |     3 ||     3
  Use: Scroll            |       |       |    16 |     6 ||    22
       Potion            |       |       |     6 |       ||     6
  Eat: Chunk             |     2 |    12 |    17 |     7 ||    38
       Pizza             |       |     1 |       |       ||     1
       Meat ration       |       |       |     1 |       ||     1
